 Dungeon Crawl Stone Soup version 0.30-a0-381-g6ea064c7b4 (webtiles) character file.

Game seed: 7870930474858570084

5483 bande the Cleaver (level 10, -2/61 HPs)
             Began as a Gargoyle Fighter on Dec 2, 2022.
             Was an Elder of Okawaru.
             Killed from afar by a gargoyle (29 damage)
             ... with a stone arrow
             ... on level 10 of the Dungeon.
             The game lasted 00:17:10 (10434 turns).

bande the Cleaver (Gargoyle Fighter)               Turns: 10434, Time: 00:17:11

Health: -2/61      AC: 20    Str: 20    XL:     10   Next: 69%
Magic:  14/14      EV:  9    Int:  9    God:    Okawaru [****..]
Gold:   665        SH: 10    Dex: 13    Spells: 9/9 levels left

rFire   + . .      SeeInvis .    v - +4 broad axe (freeze)
rCold   . . .      Faith    .    c - +0 buckler
rNeg    + . .      Spirit   .    b - +0 scale mail
rPois   ∞          Reflect  +    l - +1 helmet
rElec   +          Harm     .    (no cloak)
rCorr   .          Rampage  .    (no gloves)
Will    +....                    a - +2 pair of boots
Stlth   ..........               y - amulet of reflection
HPRegen 0.30/turn                C - ring of flight
MPRegen 0.14/turn                j - ring of willpower

@: flying
A: sickness immunity, AC +7, negative energy resistance 1, electricity
resistance, torment resistance 1, petrification resistance, fire resistance 1,
wild magic 1
a: Renounce Religion, Heroism, Finesse


You were on level 10 of the Dungeon.
You worshipped Okawaru.
Okawaru was greatly pleased with you.
You visited 2 branches of the dungeon, and saw 11 of its levels.

You collected 665 gold pieces.

Inventory:

Hand Weapons
 u - a +0 broad axe
 v - a +4 broad axe of freezing (weapon)
 B - a +0 morningstar
Armour
 a - a +2 pair of boots (worn)
 b - a +0 scale mail (worn)
 c - a +0 buckler (worn)
 l - a +1 helmet (worn)
Jewellery
 d - a +6 ring of intelligence
 j - a ring of willpower (right hand)
 y - an amulet of reflection (around neck)
 C - a ring of flight (left hand)
Wands
 q - a wand of roots (1)
 r - a wand of light (38)
 w - a wand of flame (11)
 A - a wand of paralysis (2)
Scrolls
 e - 5 scrolls of blinking
 n - 2 scrolls of enchant weapon
 s - 2 scrolls of poison
 t - 2 scrolls of teleportation
 D - 2 scrolls of identify
 E - a scroll of amnesia
Potions
 f - 8 potions of heal wounds
 g - 4 potions of haste
 h - 4 potions of brilliance {unknown}
 i - a potion of berserk rage {unknown}
 k - 4 potions of curing
 m - 2 potions of resistance {unknown}
 o - 2 potions of might
 p - 2 potions of mutation
 x - a potion of magic {unknown}
 z - 2 potions of invisibility {unknown}


   Skills:
 + Level 6.8 Fighting
 + Level 9.0 Axes
 + Level 7.5 Armour
 + Level 6.3 Shields
 * Level 6.0 Invocations
 * Level 4.8 Evocations


You had 9 spell levels left.
You didn't know any spells.
Your spell library contained the following spells:

 Spells                   Type           Power      Damage    Failure   Level
 Gell's Gravitas          Tloc           0%         N/A       99%         3
 Teleport Other           Tloc           0%         N/A       99%         3
 Dispersal                Tloc           0%         N/A       100%        6


Dungeon Overview and Level Annotations

Branches:
Dungeon (10/15)            Temple (1/1) D:4             Orc (0/2) D:9
   Lair: D:8-11

Altars:
Ashenzari
Dithmenos
Elyvilon
Gozag
Hepliaklqana
Makhleb
Nemelex Xobeh
Okawaru
Qazlal
Ru
Sif Muna
Uskayaw
Vehumet
Xom
Yredelemnul
Zin
The Shining One

Shops:
D:6 ?*(

Annotations:
D:5 2 transporters, qeuew's ghost, novice TeRe
D:7 2 transporters, lokiplouj's ghost, amateur MiBe


Innate Abilities, Weirdness & Mutations

You are immune to sickness and miasma.
Your stone body is resilient. (AC +7)
You are immune to poison.
You resist negative energy. (rN+)
You are resistant to electric shocks. (rElec)
You are resistant to unholy torment.
You are immune to petrification.
Your flesh is heat resistant. (rF+)
Your spells are a little harder to cast, but a little more powerful.


Message History

You reach down and open the door.
There is an open door here.
Found a flail.
You reach down and open the door.
Found a potion of degeneration.
No target in view!
There is an open door here.
You see here a potion of degeneration.
You see here a +0 robe.
A hound comes into view.
The hound barks!
You hear a howl!
A wolf comes into view.
The hound moves out of view.
A wolf is nearby!
A wolf, a gargoyle and 2 electric eels come into view.
The wolf howls!
You hear a shout!
A wolf comes into view. x2
The electric eel shoots out a bolt of lightning at you!
The bolt of electricity hits you. You resist.
The electric eel shoots out a bolt of lightning at you!
The bolt of electricity hits you. You resist.
The wolf howls!
You hear a shout!
A gargoyle is nearby!
A gargoyle is nearby!
A gargoyle is nearby!
The gargoyle hurls a stone arrow at you.
The stone arrow reflects off an invisible shield around you!
The stone arrow hits the gargoyle!!
The gargoyle hurls a stone arrow at you.
The stone arrow hits you!!
You hit the gargoyle but do no damage.
The gargoyle is almost destroyed.
The gargoyle hurls a stone arrow at you.
The stone arrow hits you!
You hit the gargoyle but do no damage.
The gargoyle is almost destroyed.
The gargoyle hurls a stone arrow at you.
The stone arrow hits you!!
You die...

#..................
######'#####.~...≈~
###[.!.# ....~≈~ #...####
..~.~≈~ # #.### ...~~~~ #
###.###### ....~≈~ #
#........# ###..~~≈≈~ #
#........###....~~≈~~ #
####.).......@9.#.~~≈≈..
####...........#####≈~≈≈≈h.
'....##........# ≈≈≈≈≈h.
#######........# ≈≈≈≈≈≈h #
##.####### ≈≈≈≈9≈. #
#......###


≈SS≈≈hh ######...# ≈≈~≈h≈~ #########'### #...........# You could see a gargoyle.

Vanquished Creatures
  Pikel (D:9)
  A troll (D:10)
  Sigmund (D:3)
  A wraith (D:9)
  A wyvern (D:7)
  A shadow (D:9)
  2 steam dragons
  An acid dragon (D:9)
  2 water moccasins (D:8)
  2 orc warriors
  4 sky beasts
  A black bear (D:6)
  3 ogres
  2 centaurs
  2 phantoms (D:9)
  A kobold brigand (D:9)
  7 bullfrogs
  4 scorpions
  6 wights
  2 troll zombies (D:9)
  5 howler monkeys
  2 jellies
  A gnoll bouda (D:5)
  6 hounds
  4 orc priests
  3 iguanas
  Natasha (thrice) (D:3)
  7 orc wizards
  4 ogre zombies (D:9)
  Robin (D:2)
  3 adders
  7 gnolls
  3 white imps
  An ufetubus (D:4)
  A worm (D:3)
  3 dart slugs
  19 orcs
  5 ball pythons
  7 endoplasms
  3 giant cockroaches (D:1)
  11 goblins
  9 hobgoblins
  2 jackals (D:1)
  12 kobolds
  4 quokkas
  5 bats
  2 frilled lizards
  A goblin zombie (D:9)
  A hobgoblin skeleton (D:9)
  3 hobgoblin zombies (D:9)
  2 orc skeletons (D:9)
  12 orc zombies (D:9)
  4 rats
201 creatures vanquished.

Vanquished Creatures (others)
  5 toadstools (D:1)
5 creatures vanquished.

Grand Total: 206 creatures vanquished

Notes
Turn   | Place    | Note
-------+----------+-------------------------------------------
     0 | D:1      | bande the Gargoyle Fighter began the quest for the Orb.
     0 | D:1      | Reached XP level 1. HP: 14/14 MP: 1/1
    69 | D:1      | Reached XP level 2. HP: 6/19 MP: 2/2
   221 | D:1      | Reached skill level 2 in Axes
   316 | D:1      | Reached XP level 3. HP: 23/23 MP: 3/3
   484 | D:2      | Noticed Robin
   496 | D:2      | Killed Robin
   830 | D:2      | Reached XP level 4. HP: 27/29 MP: 4/4
  1515 | D:3      | Noticed Sigmund
  1525 | D:3      | Killed Sigmund
  1526 | D:3      | Reached skill level 4 in Axes
  1526 | D:3      | Reached XP level 5. HP: 28/33 MP: 5/5
  1526 | D:3      | Reached XP level 6. HP: 32/38 MP: 6/6
  2265 | D:3      | Noticed Natasha
  2271 | D:3      | Killed Natasha
  2496 | D:3      | Noticed Natasha
  2504 | D:3      | Killed Natasha
  2717 | D:3      | Noticed Natasha
  2730 | D:3      | Killed Natasha
  2915 | D:4      | Found a staircase to the Ecumenical Temple.
  2927 | Temple   | Entered the Ecumenical Temple
  2971 | Temple   | Became a worshipper of Warmaster Okawaru
  3065 | D:4      | Found a sparkling altar of Nemelex Xobeh.
  3120 | D:4      | Reached XP level 7. HP: 44/44 MP: 7/7
  3184 | D:4      | Reached skill level 1 in Invocations
  3477 | D:4      | Reached skill level 5 in Axes
  3719 | D:4      | Found a basalt altar of Yredelemnul.
  3818 | D:5      | Entered Level 5 of the Dungeon
  3835 | D:5      | Found a white marble altar of Elyvilon.
  3857 | D:5      | Reached skill level 5 in Armour
  3857 | D:5      | Reached skill level 1 in Evocations
  4015 | D:5      | Found a hazy altar of Hepliaklqana.
  4050 | D:5      | Reached * piety under Okawaru
  4142 | D:5      | Noticed qeuew's ghost (novice TeRe)
  4158 | D:5      | Found a transporter.
  4184 | D:5      | Reached skill level 5 in Fighting
  4184 | D:5      | Reached XP level 8. HP: 46/49 MP: 9/9
  4194 | D:5      | Found a transporter.
  5182 | D:6      | Identified a scroll of acquirement
  5182 | D:6      | Acquired a +4 broad axe of freezing
  5191 | D:6      | Reached skill level 6 in Axes
  5226 | D:6      | Found an opulent altar of Gozag.
  5653 | D:6      | Found Bewoixyb's Magic Scroll Boutique.
  5852 | D:6      | Found Yfusad's Antique Weapon Shop.
  5859 | D:6      | Found Sethroza's Assorted Antiques.
  6071 | D:6      | Found a radiant altar of Vehumet.
  6431 | D:7      | Found a transporter.
  6431 | D:7      | Noticed a deep elf pyromancer
  6449 | D:7      | Noticed lokiplouj's ghost (amateur MiBe)
  6472 | D:7      | Reached ** piety under Okawaru
  6473 | D:7      | Reached XP level 9. HP: 49/54 MP: 11/11
  6823 | D:7      | Reached skill level 5 in Shields
  6907 | D:7      | Reached skill level 7 in Axes
  6908 | D:7      | HP: 2/55 [wight/+4 halberd (8)]
  7347 | D:7      | Found a shimmering blue altar of Sif Muna.
  7504 | D:7      | Found a transporter.
  7722 | D:8      | Reached *** piety under Okawaru
  7750 | D:8      | Found a stormy altar of Qazlal.
  7754 | D:8      | Found a shimmering altar of Xom.
  7758 | D:8      | Found a shadowy altar of Dithmenos.
  8050 | D:8      | Reached skill level 5 in Invocations
  8050 | D:8      | Reached XP level 10. HP: 46/60 MP: 13/13
  8130 | D:8      | Reached skill level 8 in Axes
  8540 | D:9      | Gained mutation: Your flesh is heat resistant. (rF+)
                  | [potion of mutation]
  8540 | D:9      | Gained mutation: Your spells are a little harder to cast,
                  | but a little more powerful. [potion of mutation]
  8552 | D:9      | Reached **** piety under Okawaru
  8799 | D:9      | Noticed Pikel
  8814 | D:9      | Killed Pikel
  8881 | D:9      | Found a staircase to the Orcish Mines.
  9913 | D:10     | Entered Level 10 of the Dungeon
 10064 | D:10     | Reached skill level 9 in Axes
 10420 | D:10     | Noticed a gargoyle
 10434 | D:10     | Killed from afar by a gargoyle

Illustrated notes

Levels and vault maps discovered:
D:1:      ldierk_walled_garden, layout_rooms
D:2:      layout_loops_corners, uniq_robin
D:3:      layout_loops_corners, fountainhead, grunt_ministairs_13, uniq_sigmund,
          uniq_natasha
D:4:      layout_cave_pods, mainiacjoe_overflow_six_doors_small,
          nemelex_diamond_rough_becter, minmay_temple_entry_butterflies
D:5:      layout_loops_ring, mainiacjoe_overflow_cross_hatched,
          mainiacjoe_overflow_boulevard, gammafunk_ghost_stat_death,
          chequers_serial_rivers_marsh
D:6:      layout_basic, mainiacjoe_overflow_small_starburst,
          mainiacjoe_overflow_brackets, serial_shops, shop,
          kennysheep_mini_moat, kennysheep_mini, nrook_campfire
D:7:      layout_basic, mainiacjoe_overflow_paths, gammafunk_ghost_arena
D:8:      layout_basic, grunt_temple_overflow_diamond
D:9:      layout_stronghold, zombieorc1_lemuel, uniq_pikel
D:10:     layout_roguey, erik_lair_island, serial_shops,
          nicolae_shop_behind_doors, uniq_grum
Temple:   hellmonk_temple_flake

Skill      XL: |  1  2  3  4  5  6  7  8  9 10 |
---------------+-------------------------------+-----
Axes           | 2 4 5 6 7 9 |  9.0
Fighting       | 4 5 6 |  6.8
Armour         | 4 5 6 7 |  7.5
Shields        | 4 5 6 |  6.3
Invocations    | 2 3 5 6 |  6.0
Evocations     | 1 2 4 |  4.8

Action                   |  1- 3 |  4- 6 |  7- 9 | 10-12 || total
-------------------------+-------+-------+-------+-------++-------
Melee: War axe           |    74 |   126 |    95 |       ||   295
       Broad axe         |       |       |   183 |   151 ||   334
  Use: Scroll            |     4 |     6 |     7 |     2 ||    19
       Potion            |       |     1 |       |     1 ||     2
Armor: Scale mail        |    51 |    82 |   168 |    61 ||   362
Dodge: Dodged            |    40 |    52 |   100 |    54 ||   246
Block: Buckler           |    25 |    24 |   113 |    60 ||   222
       Reflection        |       |       |     4 |     2 ||     6

Table legend: (Time is in decaauts)
 A = Elapsed time spent in this place.
 B = Non-inter-level travel time spent in this place.
 C = Inter-level travel time spent in this place.
 D = Time resting spent in this place.
 E = Time spent auto-exploring this place.
 F = Levels seen in this place.
 G = Mean time per level.
                   A        B        C        D        E       F      G
               +--------+--------+--------+--------+--------+-----+--------+
         Total |  10638 |  10432 |    206 |   1451 |   6971 |  11 |  967.1 |
       Dungeon |  10579 |  10373 |    206 |   1451 |   6943 |  10 | 1057.9 |
        Temple |     59 |     59 |      0 |      0 |     28 |   1 |   59.0 |
               +--------+--------+--------+--------+--------+-----+--------+

Top non-repeatable levels by time:
     D:9: 1517 daAuts
     D:3: 1473 daAuts
     D:7: 1457 daAuts
     D:5: 1266 daAuts
     D:6: 1215 daAuts
     D:2: 973 daAuts
     D:4: 918 daAuts
     D:8: 744 daAuts
    D:10: 525 daAuts
     D:1: 485 daAuts
  Temple: 59 daAuts
